 Dungeon Crawl Stone Soup version 0.32-a0-136-gc02482bde3 (webtiles) character file.

Game seed: 13096080247896217785

25 cforsyth the Magician (level 3, -4/28 HPs)
             Began as a Djinni Hexslinger on Feb 10, 2024.
             Killed by nerve-wracking pain
             ... invoked by Jessica
              (12 damage)
             ... on level 2 of the Dungeon.
             The game lasted 00:00:57 (631 turns).

cforsyth the Magician (Djinni Hexslinger)            Turns: 631, Time: 00:00:57

Health: -4/28      AC:  4    Str:  7    XL:     3   Next: 17%
Gold:   27         EV: 12    Int: 16    God:
                   SH:  0    Dex: 15

rFire   + + .        a - +1 sling
rCold   x . .        (no shield)
rNeg    . . .        c - +0 robe
rPois   ∞            d - +1 helmet
rElec   .            (no cloak)
rCorr   .            (no gloves)
SInv    .            (boots unavailable)
Will    .....        (no amulet)
Stlth   +            (no ring)
HPRegen 0.24/turn    (no ring)
MPRegen 0.00/turn

%: infuse magic (-5 HP)
@: flying, very slightly contaminated, slowed, very slow
A: sickness immunity, fire resistance 2, cold vulnerability 1, float, innate
caster, HP casting, extra vitality 1
a: no special abilities


You were on level 2 of the Dungeon.
You visited 1 branch of the dungeon, and saw 2 of its levels.

You collected 27 gold pieces.


Innate Abilities, Weirdness & Mutations

You are immune to sickness and miasma.
You are immune to poison.
Your flesh is very heat resistant. (rF++)
You are vulnerable to cold. (rC-)
You float through the air rather than walking.
You learn spells naturally, not from books.
Your magical power is your life essence.
You have superior vitality. (+4 MHP)


   Skills:
 + Level 2.1 Fighting
 - Level 1.5 Ranged Weapons
 - Level 2.1 Dodging
 + Level 3.1 Spellcasting
 + Level 3.1 Conjurations
 + Level 3.1 Hexes
 + Level 3.1 Summonings
 + Level 3.1 Necromancy
 + Level 3.1 Translocations
 + Level 3.1 Fire Magic
 + Level 3.1 Ice Magic
 + Level 3.1 Air Magic
 + Level 3.1 Earth Magic
 + Level 3.1 Alchemy


You knew the following spells:

 Your Spells              Type           Power      Damage    Failure   Level
c - Cause Fear            Hex            6%         N/A       45%         4
f - Inner Flame           Hex/Fire       12%        N/A       16%         3
z - Shock                 Conj/Air       48%        1d6       5%          1
X - Jinxbite              Hex            24%        N/A       8%          2
Y - Sigil of Binding      Hex            12%        N/A       16%         3
Z - Dimensional Bullseye  Hex/Tloc       6%         N/A       45%         4
Your spell library was empty.

Inventory:

Hand Weapons
 a - a +1 sling (weapon)
Armour
 c - a +0 robe (worn)
 d - a +1 helmet (worn)
Jewellery
 v - a ring of see invisible
Scrolls
 b - a scroll of poison
 f - a scroll of enchant weapon {unknown}
 g - 2 scrolls of identify {unknown}
Potions
 e - a potion of heal wounds {unknown}

Dungeon Overview and Level Annotations

Branches:
Dungeon (2/15)

Altars:

Annotations:
D:2 Jessica

###########
#.........#
#<#######.########
#.# #......... #.#
#####......#### #.#
#..........#).. #.#
#.###...@...#.# #.#
#..@......#
#....<....##......#
#####.##### #......
#..### .#.. # ##


You could see Jessica (fast).


Message History

Jessica gestures at you while chanting. You resist with some effort.
Unknown command.
Unknown command.
Casting: Inner Flame (quite dangerous; 16% risk of failure)
Confirm with . or Enter, or press ? or * to list all spells.
Okay, then.
Jessica is nearby!
Casting: Inner Flame (quite dangerous; 16% risk of failure)
Confirm with . or Enter, or press ? or * to list all spells.
Aiming: Inner Flame (quite dangerous; 16% risk of failure)
Press: ? - help, Dir - move target, f/p - Jessica
Aim: Jessica, wielding a +0 dagger and wearing a +2 robe of willpower (fast, chance to affect: 37%)
You miscast Inner Flame.
Nothing appears to happen.
* * * LOW HITPOINT WARNING * * *
Unknown command.
Unknown command.
Unknown command.
Casting: Inner Flame (quite dangerous; 16% risk of failure)
Confirm with . or Enter, or press ? or * to list all spells.
Aiming: Inner Flame (quite dangerous; 16% risk of failure)
Press: ? - help, Dir - move target, f/p - Jessica
Aim: Jessica, wielding a +0 dagger and wearing a +2 robe of willpower (fast, chance to affect: 37%) Jessica resists with some effort.
* * * LOW HITPOINT WARNING * * *
Jessica barely misses you.
Jessica shouts, "You're disturbing me!
I'll have to kill you!" Jessica casts a spell at you.
Pain shoots through your body!
You die...

Skill      XL: |  1  2 |
---------------+-------+-----
Fighting       | 2 |  2.1
Spellcasting   | 3 |  3.1
Conjurations   | 3 |  3.1
Hexes          | 3 |  3.1
Summonings     | 3 |  3.1
Necromancy     | 3 |  3.1
Translocations | 3 |  3.1
Fire Magic     | 3 |  3.1
Ice Magic      | 3 |  3.1
Air Magic      | 3 |  3.1
Earth Magic    | 3 |  3.1
Alchemy        | 3 |  3.1
Ranged Weapons | |  1.5
Dodging        | |  2.1

Action                     || total
---------------------------++-------
   Fire: Sling             ||    39
   Cast: Shock             ||     2
         Inner Flame       ||     2
 Armour: Robe              ||     9
  Dodge: Dodged            ||     9

Levels and vault maps discovered:
D:1:      tarquinn_simple_flora_water_d, layout_basic, chequers_avenue,
          minivault_4, skrybe_limestone_x, minmay_tripent
D:2:      wad_pebble_path, layout_loops_corners, serial_shops,
          nicolae_shop_peninsula, chequers_decorated_corner, uniq_jessica

Notes
Turn   | Place    | Note
-------+----------+-------------------------------------------
     0 | D:1      | cforsyth the Djinni Hexslinger began the quest for the Orb.
     0 | D:1      | cforsyth set off with the following spells memorised:
                  | Jinxbite, Sigil of Binding, Inner Flame, Cause Fear,
                  | Dimensional Bullseye.
     0 | D:1      | Reached XP level 1. HP: 17/17 MP: 0/0
   142 | D:1      | Reached XP level 2. HP: 22/22 MP: 0/0
   345 | D:1      | Reached skill level 2 in Fighting
   345 | D:1      | Reached skill level 3 in Spellcasting
   345 | D:1      | Reached skill level 3 in Conjurations
   345 | D:1      | Reached skill level 3 in Hexes
   345 | D:1      | Reached skill level 3 in Summonings
   345 | D:1      | Reached skill level 3 in Necromancy
   345 | D:1      | Reached skill level 3 in Translocations
   345 | D:1      | Reached skill level 3 in Fire Magic
   345 | D:1      | Reached skill level 3 in Ice Magic
   345 | D:1      | Reached skill level 3 in Air Magic
   345 | D:1      | Reached skill level 3 in Earth Magic
   345 | D:1      | Reached skill level 3 in Alchemy
   345 | D:1      | Reached XP level 3. HP: 21/28 MP: 0/0
   345 | D:1      | Learned a level 1 spell: Shock
   623 | D:2      | Noticed Jessica
   631 | D:2      | Killed from afar by Jessica

Vanquished Creatures
  A gnoll (D:1)
  2 endoplasms (D:1)
  A giant cockroach (D:1)
  2 goblins
  2 hobgoblins (D:1)
  A quokka (D:1)
  A ball python (D:1)
  3 kobolds (D:1)
  2 rats (D:1)
15 creatures vanquished.

Table legend: (Time is in decaauts)
 A = Elapsed time spent in this place.
 B = Non-inter-level travel time spent in this place.
 C = Inter-level travel time spent in this place.
 D = Time resting spent in this place.
 E = Time spent auto-exploring this place.
 F = Levels seen in this place.
 G = Mean time per level.
                   A        B        C        D        E       F      G
               +--------+--------+--------+--------+--------+-----+--------+
         Total |    643 |    641 |      2 |      0 |    542 |   2 |  321.5 |
       Dungeon |    643 |    641 |      2 |      0 |    542 |   2 |  321.5 |
               +--------+--------+--------+--------+--------+-----+--------+

Top non-repeatable levels by time:
     D:1: 616 daAuts
     D:2: 27 daAuts

Table legend:
 A = Non-vault XP
 B = Vault XP
 C = Vault XP percentage of total XP
 D = Non-vault monster count
 E = Vault monster count
 F = Vault count percentage of total count
                 A         B        C        D         E       F
            +---------+---------+-------+---------+---------+-------
      Total |      33 |       3 |   8.3 |      13 |       2 |  13.3
            +---------+---------+-------+---------+---------+-------
        D:1 |      31 |       3 |   8.8 |      12 |       2 |  14.3
        D:2 |       2 |       0 |   0.0 |       1 |       0 |   0.0
            +---------+---------+-------+---------+---------+-------
